 Dungeon Crawl Stone Soup version 0.30-a0-1085-g990a428a5c (webtiles) character file.

Game seed: 3055482136557759508

35 xian the Vexing (level 3, -6/24 HPs)
             Began as a Demonspawn Enchanter on Apr 16, 2023.
             Was a Follower of Okawaru.
             Mangled by a gnoll
             ... wielding a +2 whip of electrocution
              (8 damage)
             ... on level 3 of the Dungeon.
             The game lasted 00:03:35 (918 turns).

xian the Vexing (Demonspawn Enchanter)               Turns: 918, Time: 00:03:35

Health: -6/24      AC:  7    Str: 10    XL:     3   Next: 17%
Magic:  6/6        EV: 11    Int: 16    God:    Okawaru [*.....]
Gold:   103        SH:  0    Dex: 13    Spells: 1/6 levels left

rFire   x . .      SeeInvis .    a - +1 dagger
rCold   + . .      Faith    .    (no shield)
rNeg    . . .      Spirit   .    p - +0 leather armour
rPois   .          Reflect  .    k - +0 helmet
rElec   .          Rampage  .    (no cloak)
rCorr   .                        (no gloves)
Will    .....                    l - +0 pair of boots
Stlth   ++                       (no amulet)
HPRegen 0.24/turn                f - ring of ice
MPRegen 0.10/turn                (no ring)

@: invisible
A: thin metallic scales 1, (demonic guardian 1)
a: Renounce Religion, Heroism


You were on level 3 of the Dungeon.
You worshipped Okawaru.
Okawaru was aware of your devotion.
You visited 1 branch of the dungeon, and saw 3 of its levels.

You collected 103 gold pieces.

Inventory:

Hand Weapons
 a - a +1 dagger (weapon)
Missiles
 d - 5 curare-tipped darts
 i - 2 poisoned darts (quivered)
 j - 12 stones
 m - 4 boomerangs
Armour
 k - a +0 helmet (worn)
 l - a +0 pair of boots (worn)
 p - a +0 leather armour (worn)
Jewellery
 f - a ring of ice (left hand)
Scrolls
 e - a scroll of poison {unknown}
 g - a scroll of immolation
 h - a scroll of noise {unknown}
 n - a scroll of identify {unknown}
 o - a scroll of vulnerability {unknown}
 q - a scroll of teleportation {unknown}
Potions
 b - a potion of haste {unknown}
 c - a potion of invisibility


   Skills:
 + Level 0.1 Fighting
 + Level 1.1 Short Blades
 * Level 1.1 Throwing
 + Level 2.0 Dodging
 + Level 3.0 Stealth
 + Level 2.1 Spellcasting
 + Level 3.4 Hexes


You had one spell level left.
You knew the following spells:

 Your Spells              Type           Power      Damage    Failure   Level
a - Ensorcelled Hibernat  Hex/Ice        20%        N/A       22%         2
b - Confusing Touch       Hex            12%        N/A       21%         3

Your spell library contained the following spells:

 Spells                   Type           Power      Damage    Failure   Level
 Dazzling Flash           Conj/Hex       14%        N/A       38%         3
 Tukima's Dance           Hex            Unusable   N/A       N/A         3

Dungeon Overview and Level Annotations

Branches:
Dungeon (3/15)

Altars:
Okawaru

Shops:
D:1 =


Innate Abilities, Weirdness & Mutations

You are partially covered in thin metallic scales. (AC +2)
((A weak demonic guardian rushes to your aid.))


Message History

The gnoll is moderately wounded.
The gnoll hits you with a +0 whip.
The endoplasm quivers.
You hit the gnoll.
The gnoll is heavily wounded.
The gnoll hits you with a +0 whip. The gnoll closely misses you.
The gnoll hits you but does no damage. The gnoll hits you with a +0 whip.
You closely miss the gnoll.
The gnoll is severely wounded.
The gnoll completely misses you. The gnoll hits you but does no damage.
You are electrocuted!
Unknown command.
The gnoll attacks as you move away! The gnoll closely misses you.
The gnoll attacks as you move away! The gnoll closely misses you.
The gnoll looks more healthy.
The gnoll attacks as you move away!
The gnoll hits you with a +2 whip of electrocution.
* * * LOW HITPOINT WARNING * * *
There is a stone staircase leading down here.
The endoplasm jiggles.
The gnoll hits you with a +2 whip of electrocution.
* * * LOW HITPOINT WARNING * * *
You climb downwards.
Found 3 poisoned darts, 8 gold pieces, a whip and a bubbling grey potion.
There is a stone staircase leading up here.
The helpless orc fails to defend itself.
You puncture the orc!
You kill the orc!
Okawaru accepts your kill. The gnoll barely misses you.
Your Dodging skill increases to level 2!
Okay, then.
You fade into invisibility!
The gnoll barely misses you.
You barely miss the gnoll. The gnoll barely misses you.
You hit the gnoll.
The gnoll is lightly wounded.
The gnoll hits you with a +2 whip of electrocution!
You die...

..$...
.....
..!.. .$.#
#..# #
#..###.###
#.g)......
#.@.......
##..##...(
#..# .
#..# #..#
#).# ....
#...


You could see a gnoll (unable to see you).

Vanquished Creatures
  2 dart slugs (D:1)
  An orc (D:3)
  4 ball pythons
  2 endoplasms
  A giant cockroach (D:1)
  2 hobgoblins (D:1)
  5 jackals
  2 kobolds
  A quokka (D:2)
  A bat (D:1)
  3 frilled lizards (D:1)
  3 rats (D:1)
27 creatures vanquished.

Notes
Turn   | Place    | Note
-------+----------+-------------------------------------------
     0 | D:1      | xian the Demonspawn Enchanter began the quest for the Orb.
     0 | D:1      | Reached XP level 1. HP: 13/13 MP: 3/3
    83 | D:1      | Found a faded altar of an unknown god.
   128 | D:1      | Prayed at the altar of an unknown god.
   128 | D:1      | Became a worshipper of Warmaster Okawaru
   128 | D:1      | Reached * piety under Okawaru
   188 | D:1      | Gained mutation: You are partially covered in thin metallic
                  | scales. (AC +2) [demonic ancestry]
   188 | D:1      | Reached XP level 2. HP: 9/19 MP: 5/5
   348 | D:1      | Found Huutwin's One-of-a-Kind Rings.
   539 | D:1      | Reached skill level 1 in Throwing
   776 | D:1      | Reached skill level 1 in Short Blades
   782 | D:1      | Gained mutation: A weak demonic guardian rushes to your
                  | aid. [demonic ancestry]
   782 | D:1      | Reached XP level 3. HP: 24/24 MP: 6/6
   821 | D:2      | Learned a level 2 spell: Ensorcelled Hibernation
   825 | D:2      | Learned a level 3 spell: Confusing Touch
   913 | D:2      | HP: 1/24 [gnoll/+2 whip of electrocution (4)]
   918 | D:3      | Mangled by a gnoll

Illustrated notes

Levels and vault maps discovered:
D:1:      wander_arrival_lonely_grave, layout_loops_ring,
          hellmonk_ecumenical_altar_blasted, nicolae_shop_unique_rings
D:2:      layout_rooms
D:3:      layout_loops_ring, serial_shops, shop_fountains, shop,
          nicolae_shop_window_shopping, uniq_grinder, uniq_sigmund

Skill      XL: |  1  2  3 |
---------------+----------+-----
Throwing       | 1 |  1.1
Stealth        | 3 |  3.0
Short Blades   | 1 |  1.1
Dodging        | 2 |  2.0
Fighting       | |  0.1
Spellcasting   | |  2.1
Hexes          | |  3.4

Action                     || total
---------------------------++-------
  Melee: Dagger            ||   114
  Throw: Dart              ||     2
    Use: Potion            ||     1
   Stab: Sleeping          ||     5
 Armour: Robe              ||    35
         Leather armour    ||     4
  Dodge: Dodged            ||    91

Table legend: (Time is in decaauts)
 A = Elapsed time spent in this place.
 B = Non-inter-level travel time spent in this place.
 C = Inter-level travel time spent in this place.
 D = Time resting spent in this place.
 E = Time spent auto-exploring this place.
 F = Levels seen in this place.
 G = Mean time per level.
                   A        B        C        D        E       F      G
               +--------+--------+--------+--------+--------+-----+--------+
         Total |    913 |    913 |      0 |      0 |    471 |   3 |  304.3 |
       Dungeon |    913 |    913 |      0 |      0 |    471 |   3 |  304.3 |
               +--------+--------+--------+--------+--------+-----+--------+

Top non-repeatable levels by time:
     D:1: 771 daAuts
     D:2: 138 daAuts
     D:3: 3 daAuts
